Cogmind - Beta 17 @@@ ROGUE MODE // 2026.06.28 @ 00:01:15 Player: Kaeinara Result: Destroyed by G-47 Trooper with Particle Gun Performance ------------- Evolutions (2) 1000 Regions Visited (3) 600 Robots Destroyed (32) 160 Value Destroyed (1051) 1051 Prototype IDs (0) 0 Alien Tech Used (0) 0 Bonus (0) 0 TOTAL SCORE: 2811 Bonus ------- None Cogmind --------- Core Integrity 0/550 Matter 273/300 Energy 159/160 System Corruption 2% Temperature Cool (11) Movement Walking (190) Ox1 Location -8/Materials Parts ------- > --- POWER (1) -------- Light Nuclear Core > --- PROPULSION (4) --- Aluminum Leg > --- UTILITY (3) ------ Small Storage Unit Improved Signal Interpreter Improved Power Shielding > --- WEAPON (3) ------- Heavy Assault Rifle > --- INVENTORY (8) ---- Ion Engine Light Ion Engine Wheel Heavy Armor Plating Peak State ------------ > --- POWER ------------ Light Deuterium Engine > --- PROPULSION ------- Aluminum Leg Aluminum Leg Improved Aluminum Leg Carbon-fiber Leg > --- UTILITY ---------- Small Storage Unit Improved Sensor Array Improved Signal Interpreter > --- WEAPON ----------- Gauss Rifle Shock Bomb Launcher Axe > --- INVENTORY -------- Ion Engine Light Ion Engine Aluminum Leg Wheel Heavy Armor Plating Small Laser Heavy Assault Rifle [Rating: 28] Favorites ----------- Power Light Deuterium Engine Engine Light Deuterium Engine Power Core Light Nuclear Core Propulsion Aluminum Leg Leg Aluminum Leg Utility Small Storage Unit Device Improved Sensor Array Storage Small Storage Unit Processor Improved Signal Interpreter Protection Improved Power Shielding Weapon Axe Energy Gun Small Laser Energy Cannon Ion Cannon Ballistic Gun Gauss Rifle Launcher Shock Bomb Launcher Slashing Weapon Axe Build | -11 -10 -10 -8 ------- Run | Yrd Mat Sub Mat Slots Evolved 4 | . . . 4 Power . | . . . . Propulsion 2 | . . . 2 Utility 1 | . . . 1 Weapon 1 | . . . 1 Parts Attached 27 | 6 . . 21 Power 3 | 1 . . 2 Engine 2 | 1 . . 1 Core 1 | . . . 1 Reactor . | . . . . Propulsion 10 | 2 . . 8 Treads . | . . . . Leg 10 | 2 . . 8 Wheel . | . . . . Hover . | . . . . Flight . | . . . . Utility 5 | 1 . . 4 Device 2 | . . . 2 Storage 1 | 1 . . . Processor 1 | . . . 1 Hackware . | . . . . Protection 1 | . . . 1 Artifact . | . . . . Weapon 9 | 2 . . 7 Energy Gun 2 | 1 . . 1 Energy Cannon 1 | . . . 1 Ballistic Gun 4 | 1 . . 3 Ballistic Cannon . | . . . . Launcher 1 | . . . 1 Special Weapon . | . . . . Impact Weapon . | . . . . Slashing Weapon 1 | . . . 1 Piercing Weapon . | . . . . Special Melee Weapon . | . . . . Unidentified Prototypes . | . . . . Parts Lost 16 | . . 1 15 Power 1 | . . . 1 Propulsion 8 | . . . 8 Utility 1 | . . . 1 Weapon 6 | . . 1 5 Highest Loss Streak 8 | . . 1 8 To Critical Strikes . | . . . . Average Backups 6 | 2 6 7 6 Power 1 | . 1 1 1 Propulsion 2 | 1 4 5 2 Utility . | . . . . Weapon 1 | . 1 1 1 Tool/Special . | . . . . Unused Backups 6 | . . . 6 Power 1 | . . . 1 Propulsion 4 | . . . 4 Utility 1 | . . . 1 Weapon . | . . . . Tool/Special . | . . . . Average Slot Usage (%) 85 | . 85 83 86 Engine 8 | . 14 14 6 Core 1 | . . . 2 Leg 32 | . 28 28 34 Device 3 | . . . 4 Storage 10 | . 14 14 9 Processor 4 | . . . 6 Protection 1 | . . . 1 Energy Gun 5 | . 14 14 2 Energy Cannon 2 | . . . 2 Ballistic Gun 7 | . 14 12 6 Launcher 1 | . . . 2 Slashing Weapon 5 | . . . 7 Peak Build Rating 28 | 6 6 6 28 Average Rating 17 | 4 6 5 21 On Entrance 4 | . 6 6 5 Avg Prop Armor Cover (%) . | . . . . Naked Turns . | . . . . Heaviest Build 26 | 13 13 13 26 Greatest Support 55 | 20 20 20 55 Greatest Overweight (x) . | . . . . Average Overweight (x) . | . . . . Largest Inventory Capacity 8 | 8 8 8 8 Average Capacity 7 | 7 8 8 8 Most Carried 8 | 6 6 8 8 Average Carried 6 | 2 6 7 6 Final Capacity 8 | 8 8 8 8 Final Carried 8 | 6 6 8 5 Class Distribution -------------------- 81% | Mutant 13% | Scavenger-Mutant 5% | Gunner Dominant Class ---------------- Mutant | -10/Materials Mutant | -10/Subcaves Mutant | -8/Materials Resources | -11 -10 -10 -8 ----------- Run | Yrd Mat Sub Mat Matter Collected 673 | 228 . 50 395 Remotely . | . . . . Salvage Created 1350 | . . 43 1307 Parts 74 | . . 5 69 Haulers Intercepted . | . . . . Recyclers Shooed 1 | . . . 1 Parts Field Recycled . | . . . . Retrieved Matter . | . . . . Parts Self-Destructed 4 | . . 4 . Prevented . | . . . . Parts Restored . | . . . . Kills | -11 -10 -10 -8 ------- Run | Yrd Mat Sub Mat Combat Hostiles Destroyed 26 | . . 1 25 Melee 11 | . . . 11 Guns 7 | . . 1 6 Cannons 4 | . . . 4 AOE 3 | . . . 3 Classes Destroyed 9 | . . 1 8 Worker 1 | . . . 1 Recycler 3 | . . . 3 Operator 1 | . . . 1 Watcher 1 | . . . 1 Swarmer 8 | . . . 8 Grunt 13 | . . . 13 Sentry 3 | . . . 3 Hunter 1 | . . . 1 Subdweller 1 | . . 1 . Best Kill Streak 6 | . . 1 6 Combat Bots Only 5 | . . 1 5 Max Kills in Single Turn 2 | . . 1 2 Gunslinging . | . . . . Exploded 1 | . . . 1 Melee 1 | . . . 1 Uniques/NPCs Destroyed . | . . . . Combat | -11 -10 -10 -8 -------- Run | Yrd Mat Sub Mat Hostile Shots Fired 220 | . . 19 201 Missed 65 | . . 3 62 Hits 155 | . . 16 139 Projectile 155 | . . 16 139 Critical Strikes 4 | . . 1 3 Part Disruptions 1 | . . . 1 Damage Taken 2621 | . 20 353 2248 Core 610 | . . 57 553 Absorbed by Shields . | . . . . Redirected to Shielding 39 | . . . 39 Regen/Repaired (Parts) 218 | . . . 218 Core Remaining (%) 88 | 100 . 77 . Volleys Fired 68 | . . 16 52 Largest 3 | . . 2 3 Hottest 123 | . . 60 123 Shots Fired 114 | . . 32 82 Gun 95 | . . 32 63 Cannon 11 | . . . 11 Launcher 8 | . . . 8 Special . | . . . . Kinetic 56 | . . 16 40 Thermal 50 | . . 16 34 Explosive . | . . . . Electromagnetic 8 | . . . 8 Robot Hit Streak 13 | . . 13 8 Robot Miss Streak 4 | . . 1 4 Penetration Max 1 | . . . 1 Secondary Targets 1 | . . . 1 Max Gunslinging Chain 1 | . . . 1 Shots Hit Robots 94 | . . 27 67 Core Hits 42 | . . 2 40 Critical Kills . | . . . . Critical Parts Destroyed 1 | . . . 1 Critical Strikes 3 | . . . 3 Destroy 1 | . . . 1 Sever 2 | . . . 2 Melee Attacks 29 | . . . 29 Impact . | . . . . Slashing 29 | . . . 29 Piercing . | . . . . Sneak Attacks . | . . . . Combat Hostiles . | . . . . Follow-up Attacks . | . . . . Damage Inflicted 1867 | . . 37 1830 Guns 687 | . . 37 650 Cannons 117 | . . . 117 Explosions 422 | . . . 422 Melee 638 | . . . 638 Ramming 3 | . . . 3 Kinetic 502 | . . 15 487 Thermal 326 | . . 22 304 Explosive . | . . . . Electromagnetic 398 | . . . 398 Impact . | . . . . Slashing 638 | . . . 638 Piercing . | . . . . Highest Corruption 2 | . . . 2 Average Corruption 1 | . . . 1 Corruption Purged . | . . . . Corruption Blocked . | . . . . Effects 11 | . . . 11 Message Errors 1 | . . . 1 Matter Fused 3 | . . . 3 Heat Flow Errors 1 | . . . 1 Energy Discharges 2 | . . . 2 Data Loss (minor) 4 | . . . 4 Overload Shots . | . . . . Overflow Damage 36 | . . . 36 Projectiles 14 | . . . 14 Explosions 4 | . . . 4 Melee 18 | . . . 18 Knockbacks . | . . . . Impact . | . . . . Kinetic . | . . . . Secondary . | . . . . Self-Inflicted Damage 259 | . . . 259 Shots 10 | . . . 10 Rammed . | . . . . Targets Rammed 1 | . . . 1 Kicked 1 | . . . 1 Crushed . | . . . . Highest Temperature 261 | . . . 261 Average Temperature 29 | . . . 29 Received Heat Transfer 867 | . . 12 855 Siege Activations . | . . . . Martial Activations . | . . . . Shielding Activations . | . . . . Robots Disrupted . | . . . . Combat Hostiles . | . . . . Robots Corrupted . | . . . . Combat Hostiles . | . . . . Parts Fried . | . . . . Impact Corruptions . | . . . . Robots Melted 1 | . . . 1 Combat Hostiles 1 | . . . 1 Parts Melted 1 | . . . 1 Heat Transferred 660 | . . 50 610 Parts Sabotaged . | . . . . Parts Stolen . | . . . . Parts Stripped . | . . . . Power Chain Reactions 2 | . . . 2 Alert | -11 -10 -10 -8 ------- Run | Yrd Mat Sub Mat Maximum Alert Level 1 | . . . 1 Low Security (%) 56 | 100 100 . 49 Level 1 43 | . . . 50 Level 2 . | . . . . Level 3 . | . . . . Level 4 . | . . . . Level 5 . | . . . . High Security . | . . . . Max Security . | . . . . Peak Influence 369 | . . . 369 Initial . | . . . . Average 181 | . . . 211 Influence Increases 899 | . . . 899 Destroy 0b10 Robot/C 500 | . . . 500 Destroy 0b10 Robot/NC 30 | . . . 30 Destroy Leader 122 | . . . 122 Successful Hack 5 | . . . 5 Disable Machine 105 | . . . 105 Destroy Structure 17 | . . . 17 Lose Combat Pursuer 120 | . . . 120 Influence Decreases 588 | . . . 588 Time Decay 438 | . . . 438 Lost Part 150 | . . . 150 Squads Dispatched 8 | . 1 . 7 Investigation 4 | . . . 4 Extermination . | . . . . Reinforcement 4 | . 1 . 3 Assault . | . . . . Garrison . | . . . . Intercept . | . . . . Searches Triggered . | . . . . Construction Impeded 1 | . . . 1 Haulers Reinforced . | . . . . Active Scanning Responses . | . . . . Cargo Convoy Interrupts . | . . . . Stealth | -11 -10 -10 -8 --------- Run | Yrd Mat Sub Mat Distress Signals 1 | . . . 1 Communications Jammed . | . . . . Distress Signals . | . . . . Times Spotted 47 | . . 5 42 Peak Tracking Total 6 | . . 2 6 Tactical Retreats 3 | . . . 3 Traps | -11 -10 -10 -8 ------- Run | Yrd Mat Sub Mat Traps Triggered 3 | . 1 . 2 Indirectly . | . . . . Trap Hack Attempts . | . . . . Triggered . | . . . . Disarmed . | . . . . Reprogrammed . | . . . . Reused . | . . . . Traps Extracted . | . . . . Installed . | . . . . Triggered . | . . . . Machines | -11 -10 -10 -8 ---------- Run | Yrd Mat Sub Mat Machines Disabled 7 | . . . 7 Max in Single Turn 2 | . . . 2 Machines Repaired . | . . . . Machines Dismantled . | . . . . Machines Sabotaged . | . . . . Overloaded Fab Kills . | . . . . Hacking | -11 -10 -10 -8 --------- Run | Yrd Mat Sub Mat Machines Accessed 3 | . 1 . 2 Terminals 2 | . 1 . 1 Fabricators . | . . . . Repair Stations 1 | . . . 1 Recycling Units . | . . . . Scanalyzers . | . . . . Garrison Access . | . . . . Total Hacks 12 | . 4 . 8 Successful 7 | . 1 . 6 Failed 5 | . 3 . 2 Catastrophic 1 | . 1 . . Database Lockouts . | . . . . Manual 6 | . 4 . 2 Terminals 6 | . 4 . 2 Fabricators . | . . . . Repair Stations 6 | . . . 6 Recycling Units . | . . . . Scanalyzers . | . . . . Garrison Access . | . . . . Terminal Hacks . | . . . . Fabricator Hacks . | . . . . Repair Station Hacks 6 | . . . 6 Scan Component 3 | . . . 3 Repair 3 | . . . 3 Recycling Unit Hacks . | . . . . Scanalyzer . | . . . . Garrison Access Hacks . | . . . . Unauthorized Hacks 1 | . 1 . . Terminals 1 | . 1 . . Botnet 1 | . 1 . . Fabricators . | . . . . Repair Stations . | . . . . Recycling Units . | . . . . Scanalyzers . | . . . . Garrison Access . | . . . . Data Cores Recovered . | . . . . Used . | . . . . Hacking Detections 3 | . 1 . 2 Full Trace Events . | . . . . Feedback Events . | . . . . Feedback Blocked . | . . . . Robot Schematics Acquired . | . . . . Robots Built . | . . . . Authchips . | . . . . Time . | . . . . Total Robot Build Rating . | . . . . Part Schematics Acquired . | . . . . Parts Built . | . . . . Authchips . | . . . . Time . | . . . . Total Part Build Rating . | . . . . Part Studies Acquired . | . . . . Parts Repaired 3 | . . . 3 Time 78 | . . . 78 Parts Recycled . | . . . . Recycled Matter . | . . . . Retrieved Matter . | . . . . Retrieved Components . | . . . . Parts Scanalyzed . | . . . . Part Schematics Acquired . | . . . . Parts Damaged . | . . . . Bothacking | -11 -10 -10 -8 ------------ Run | Yrd Mat Sub Mat Used RIF Installer . | . . . . Robots Hacked . | . . . . Non-combat . | . . . . Combat . | . . . . Robot Hacks Applied . | . . . . Relay Couplers Released . | . . . . Fabnet Peak Effective % . | . . . . Robots Rewired . | . . . . Allies Hacked . | . . . . Hacks Repelled . | . . . . Allies | -11 -10 -10 -8 -------- Run | Yrd Mat Sub Mat Total Allies . | . . . . Largest Group . | . . . . Highest-Rated Group . | . . . . Highest-Rated Ally . | . . . . Total Orders . | . . . . Ally Attacks . | . . . . Total Damage . | . . . . Kills . | . . . . Allies Corrupted . | . . . . Allies Melted . | . . . . Intel | -11 -10 -10 -8 ------- Run | Yrd Mat Sub Mat Active Infowar (turns) 519 | . . . 519 Sensors 519 | . . . 519 Robot Analysis Total . | . . . . Derelict Logs Recovered . | . . . . Drone Launches . | . . . . Drone Recoveries . | . . . . Exploration | -11 -10 -10 -8 ------------- Run | Yrd Mat Sub Mat Turns Passed 1539 | 70 121 207 1141 Spaces Moved 748 | 48 100 110 490 Core 7 | 7 . . . Treads . | . . . . Legs 741 | 41 100 110 490 Wheels . | . . . . Hover . | . . . . Flight . | . . . . Fastest Speed 50 | 50 120 120 120 Average Speed 119 | 109 120 120 120 Slowest Speed 130 | 120 120 120 130 Overloaded Moves . | . . . . Propulsion Burnouts . | . . . . Robots Hopped . | . . . . Potential Cave-ins . | . . . . Cave-ins Triggered . | . . . . Exploration Rate (%) 23 | 3 31 12 46 Regions Visited 3 Branch Regions 1 Pre-discovered Areas . | . . . . Known Exits Taken . | . . . . Unknown Exits Taken 3 | 1 1 1 . Scrap Searched . | . . . . Spaces Dug . | . . . . Terrain Destroyed 14 | . . . 14 Melee . | . . . . Projectile 2 | . . . 2 AOE 12 | . . . 12 Terrain Rammed . | . . . . Walls Destroyed . | . . . . Machines Disabled . | . . . . Actions | -11 -10 -10 -8 --------- Run | Yrd Mat Sub Mat Total 1225 | 65 101 153 906 Wait 310 | . 2 26 282 Move 745 | 47 99 109 490 Hop . | . . . . Pick Up 31 | 12 . 2 17 Fast Attach 4 | . . . 4 Attach 20 | 6 . . 14 Detach . | . . . . Swap 9 | . . . 9 Drop 8 | . . . 8 Fire 68 | . . 16 52 Melee 29 | . . . 29 Ram . | . . . . Kick 1 | . . . 1 Crush . | . . . . Escape Stasis . | . . . . Rewire . | . . . . Trap . | . . . . Miscellaneous . | . . . . Route ------- -11/Scrapyard -10/Materials (discovered 2 exits: [*Min] / [*Sub]) -10/Subcaves -8/Materials (discovered 1 exit: [*Fac]) History --------- Turn | Location | Event 5 | -11/Scrapyard | Discovered new exit (range 15) 71 | -11/Scrapyard | Entered Materials 72 | -10/Materials | Met a group of wandering Federalists 179 | -10/Materials | Discovered new exit (range 7) 182 | -10/Materials | Discovered new exit (range 9) 192 | -10/Materials | Entered Subcaves 193 | -10/Subcaves | Continued accompanying wandering Federalists (6) 297 | -10/Subcaves | Lost 4 allies 300 | -10/Subcaves | Build established: Mutant 391 | -10/Subcaves | Discovered new exit (range 7) 399 | -10/Subcaves | Entered Materials 399 | -8/Materials | Evolved 4 slots: Propulsion x2, Utility x1, Weapon x1 417 | -8/Materials | Lost 5 allies 593 | -8/Materials | Repaired Aluminum Leg 622 | -8/Materials | Repaired Aluminum Leg 650 | -8/Materials | Repaired Aluminum Leg 1091 | -8/Materials | Core integrity fell below 50% 1131 | -8/Materials | Lost 3 parts (1n2w) 1257 | -8/Materials | Core integrity fell below 20% 1317 | -8/Materials | Lost 8 parts (1p4n1u2w) 1507 | -8/Materials | Discovered new exit (range 16) 1540 | -8/Materials | Destroyed by G-47 Trooper with Particle Gun Last Messages --------------- 01311_ Acquired Aluminum Leg. 01313_ K-01 Serf collects debris. 01315_ Acquired 20 matter. 01317_ L6NPW 01331_ Acquired Imp. Power Shielding. 01338_ Connecting with Terminal... 01505_ System corrupted: Energy discharge (-49). 01507_ EXIT=FOUND 01508_ Titanium Leg destroyed. 01510_ Triggered Alarm Trap. 01510_ An alarm sounds. 01510_ ALERT: Alarm triggered, dispatching investigation squad. 01522_ Acquired Hvy. Assault Rifle. 01524_ U-05 Engineer lays Concrete. 01526_ G-47 Trooper destroyed. 01527_ U-05 Engineer lays Concrete. 01536_ Axe destroyed. 01538_ Aluminum Leg destroyed. Map ----- +----------------------------------------------------+ | #???????????????????????????????????????????? | | #???????????????????????????????????????????? | | +#######?????????????????????????????????????? | | #?????????????????????????????????????? | | """""" #?????????????????????????????????????? | | """""" #?????????????????????????????????????? | | """""" #?????????????????????????????????????? | | """""" #?????????????????????????????????????? | | """""" #?????????????????????????????????????? | | #?????????????????????????????????????? | | #?????????????????????????????????????? | | ########?????????????????????????????????????? | | ?????????????????????????????????????????????? | | ?????????????????????????????????????????????? | | ?????????????????????????????????????????????? | | ?????????????????????????????????????????????? | | ?????????????????????????????????????????????? | | ?????????????????????????????????????????????? | | #############????????????????????????????????? | | # #????????????????????????????????? | | # #????????????????????????????????? | | # #????????????????????????????????? | | # #????###########?????????????????? | | # #????# #?????????????????? | | " # !! #????# g #?????????????????? | | " #? ! #????# g g= @ #?????????????????? | | " #??? ??????#! gg[ #?????????????????? | | #+######/#############/#######???????????????? | | #???????????? | | < #???????????? | | #???????????? | | #+################################???????????? | | #??????????????????????????????????????? | | """"" #??????????????????????????????????????? | | """"" #??????????????????????????????????????? | | """"" #??????????????????????????????????????? | | """"" #??????????????????????????????????????? | | """"" #??????????????????????????????????????? | | ? ??#??????????????????????????????????????? | | ?????????????????????????????????????????????? | | ?????????????????????????????????????????????? | | ?????????????????????????????????????????????? | | | | | | | | | | | | | | | | | +----------------------------------------------------+ Best States ------------- Heat Dissipation 31 Energy Generation 14 Energy Capacity 250 Matter Stores 300 Matter Capacity 300 Sight Range 16 Robot Scan Range 15 Terrain Scan Density 10 Power Shielding 66 Evasion (%) 55 Energy Filtering 30 Item Schematics ----------------- None Robot Schematics ------------------ None Fabricated ------------ Nothing Repaired ---------- Aluminum Leg | 2% | -8/Materials Aluminum Leg | 24% | -8/Materials Aluminum Leg | 31% | -8/Materials Studied --------- None Alien Tech Used ----------------- None Achievements -------------- Strength In Numbers Challenges ------------ None Game ------ Seed FissionCompanionMesh Manual? 0 Play Time 00:17:55 Cumulative 37.2 hours Start 2026.06.27 @ 23:42:57 End 2026.06.28 @ 00:01:15 Sessions 1 Manual Loads 0 Difficulty Rogue Special Mode None Game No. 65 Rogue 65 Adventurer 0 Explorer 0 Win Type - Total 0 Types 0/0/0/0/0/0/0/0/0/0 Lore% 16 Gallery% 26 Achievement% 15 Wizard Run 0 Options --------- Layout 1 ASCII 0 Keyboard 0 Movement Mouse Keybinds 0 Fullscreen 1 Font 24/Smallcaps Map View 50x35 Zoom Use 0% Tactical HUD 1 Map Filters NONE Filters NONE Steam 1 RUN: 007cb229-4cac-41ef-bf0a-95468bfb1950